← All builds
Suicide front / Armada / Factory first / OBSERVED BUILD

Standard suicide front

Bot Lab first into Rocketeer/Centurion/Pawn to contest the middle early and hold until T2 arrives, the role's baseline play.

Usually lab first (62%)

#rush · 1185 distinct matches · 125 players · 71% of Armada Suicide front games · team won 60% of 1411 · Recently observed

HOW TO PLAY IT

Key timing: Bot Lab by 0:20

  1. Open with mex and wind, drop Bot Lab immediately.
  2. Push out first "Centurion" as Pond's boost lands.
  3. Send "Rocketeer", "Centurion", "Pawn" mix to contest middle.
  4. Add Dragon's Teeth and Sentries to hold the line.
  5. Get Advanced Metal Extractor up as T2 nears.

Phase by phase

TYPICAL OF ITS 1185 GAMES
  1. 1
  2. 2
  3. 3
PLAY THE OPENING

Follow the example game's first 6:00 step by step: what to build now, what comes next, and where it goes. At 1× it keeps pace with your own game.

  1. 1

    Bot Lab first

    Order
    1. Bot LabBot Lab done ~0:20, middle half 0:20–0:33

    Some games also: mex (37%)

  2. 2

    Bot Lab to 5:00

    Economy
    • Metal Extractor5Mex
    • Wind Turbine4Wind
    Builders
    • Construction Bot3 Con bot
    • Lazarus2 Lazarus
    Army
    • Sentry4 Sentry
    • Rocketeer18 Rocketeer
    • Tick2 Tick
    • Centurion1 Centurion
    Other
    • Radar Tower1 Radar Tower

    Some games also: con turret (35%) · pawn (31%)

    By 5:00 in all: 5 mex · 5 wind

    The example game in this phase · 31 steps
    1. TickTick
    2. Mex
    3. TickTick
    4. LazarusLazarus
    5. Wind ×2
    6. Mex
    7. Construction BotCon bot
    8. SentrySentry ×2
    9. Construction BotCon bot ×2
    10. CenturionCenturion
    11. Mex ×2
    12. SentrySentry
    13. RocketeerRocketeer ×4
    14. Radar TowerRadar Tower
    15. RocketeerRocketeer ×5
    16. Mex
    17. RocketeerRocketeer
    18. SentrySentry
    19. RocketeerRocketeer
    20. SentrySentry
    21. RocketeerRocketeer
    22. SentrySentry
    23. TickTick ×2
    24. Wind
    25. RocketeerRocketeer
    26. Wind ×2
    27. RocketeerRocketeer
    28. Wind ×2
    29. RocketeerRocketeer
    30. Wind
    31. RocketeerRocketeer
  3. 3

    5:00 to 10:00

    Economy
    • Metal Extractor1Mex
    • Wind Turbine17Wind
    Builders
    • Construction Turret2 Con turret
    • Lazarus2 Lazarus
    • Construction Bot1 Con bot
    Army
    • Sentry1 Sentry
    • Rocketeer8 Rocketeer
    • Pawn1 Pawn

    Some games also: tick (48%) · Radar Tower (47%) · energy storage (46%) · centurion (45%) · Beamer (38%)

    By 10:00 in all: 6 mex · 23 wind · 1 energy storage · 3 con turret

    The example game in this phase · 82 steps
    1. RocketeerRocketeer ×6
    2. Dragon's TeethDragon's Teeth
    3. RocketeerRocketeer
    4. Dragon's TeethDragon's Teeth ×2
    5. RocketeerRocketeer
    6. Dragon's TeethDragon's Teeth ×4
    7. Con turret
    8. RocketeerRocketeer
    9. Dragon's TeethDragon's Teeth ×3
    10. RocketeerRocketeer ×2
    11. BeholderBeholder
    12. Con turret
    13. RocketeerRocketeer
    14. Energy storage
    15. RocketeerRocketeer
    16. Energy storage
    17. RocketeerRocketeer ×2
    18. GauntletGauntletdone 8:08
    19. CenturionCenturion
    20. RocketeerRocketeer ×3
    21. Sneaky PeteSneaky Pete
    22. RocketeerRocketeer ×2
    23. LazarusLazarus
    24. RocketeerRocketeer ×7
    25. MaceMace
    26. Converter
    27. MaceMace
    28. Wind
    29. Dragon's TeethDragon's Teeth
    30. Converter
    31. Dragon's TeethDragon's Teeth
    32. MaceMace
    33. Wind
    34. Dragon's TeethDragon's Teeth ×3
    35. Converter
    36. Dragon's TeethDragon's Teeth ×4
    37. Wind
    38. MaceMace
    39. Dragon's TeethDragon's Teeth ×3
    40. MaceMace
    41. Wind
    42. MaceMace
    43. Wind
    44. BeamerBeamer
    45. Wind
    46. MaceMace
    47. Wind
    48. MaceMace
    49. Wind ×2
    50. MaceMace
    51. Wind
    52. MaceMace
    53. Wind
    54. Advanced Metal ExtractorT2 mexdone 11:34 · typical 9:37
    55. Wind
    56. MaceMace
    57. Converter
    58. Dragon's TeethDragon's Teeth
    59. MaceMace
    60. Converter
    61. MaceMace
    62. Advanced Metal ExtractorT2 mex
    63. TickTick
    64. Converter
    65. TickTick ×2
    66. MaceMace ×2
    67. Converter
    68. Advanced Metal ExtractorT2 mex
    69. MaceMace ×6
    70. PawnPawn ×5
    71. BeamerBeamer ×3
    72. PawnPawn ×2
    73. Con turret
    74. PawnPawn
    75. Radar TowerRadar Tower
    76. PawnPawn ×2
    77. Con turret
    78. PawnPawn
    79. Con turret
    80. PawnPawn ×9
    81. TickTick
    82. PawnPawn

Counts are medians over the build's games: half of them build more, half fewer. The example game is ManBearPig_'s (39 OS, 10/09/2026); pick another.

Team trades

IN AT LEAST 30% OF ITS GAMES

You hand over

Nothing regular.

You get

  • Tidal Generator4 Tidal from Pondfirst at 0:10 · in 69% of games
  • Advanced Construction Bot1 T2 con bot from Geo or Techfirst at 7:30 · in 58% of games

How it plays out

Typical game of this build, running totals by minute

Metal produced

010k20k30k
0:005:0010:0015:00

metal

Enemy metal destroyed

05k10k
0:005:0010:0015:00

metal

Own metal lost

05k10k
0:005:0010:0015:00

metal

1411 games.

Show as table
ByMetal produced: This buildEnemy metal destroyed: This buildOwn metal lost: This build
1:0022600
2:0088900
3:002056172106
4:003161660486
5:00423614131020
6:00543023271785
7:00666131792732
8:00791040353631
9:00929848164516
10:001068854265336
11:001224158986080
12:001402465176842
13:001604270137523
14:001796976808336
15:002029783029228
WHAT THE NUMBERS SAY

Standard suicide front play wins slightly more than half its games with fast kills but also fast losses, matching the raw grind of the role.

  • + First kill lands by 2:04 in all games
  • + Metal produced reaches 19882 by 15:00
  • − Own metal lost hits 9208 by 15:00, near metal destroyed of 8172
  • − First unit lost as early as 2:08 in every game
THE EXAMPLE YOU ARE READING

ManBearPig_

38.9 OS · 10/09/2026

Open source match ↗

9 received units · includes a constructor
363 metal received · 67066 energy received

Allied construction assistance is unknown. Timings are observations, not a promise of solo reproducibility.

Typical milestones

Bot Lab0:20Middle 50%: 0:20–0:33 · n=1405
Advanced Metal Extractor9:37Middle 50%: 8:41–10:48 · n=1035

Played most by

_X_252games of this buildPlatinumBlonde166games of this buildXad109games of this buildImmort62games of this buildwatermeloans58games of this build